 Dungeon Crawl Stone Soup version 0.26-a0-854-gdc81c2f471 (webtiles) character file.

Game seed: 16736850070196087482

18792 stormannnn the Nimble (level 12, -1/107 HPs)
             Began as a Minotaur Fighter on Nov 23, 2020.
             Was a High Priest of Yredelemnul.
             Succumbed to an orc sorcerer's poison
             ... while paralysed by an orc sorcerer
             ... on level 2 of the Orcish Mines.
             The game lasted 00:42:22 (13554 turns).

stormannnn the Nimble (Minotaur Fighter)           Turns: 13554, Time: 00:42:23

Health: -1/107     AC: 19    Str: 27    XL:     12   Next: 30%
Magic:  14/15      EV:  2    Int:  5    God:    Yredelemnul [*****.]
Gold:   1299       SH:  0    Dex:  9    Spells: 11/11 levels left

rFire    . . .     SeeInvis .   O - +4 hand axe (freeze)
rCold    . . .     Faith    .   c - +0 kite shield
rNeg     + . .     Spirit   .   w - +1 ring mail of a sewer {rElec rN+ rCorr}
rPois    .         Reflect  +   (helmet restricted)
rElec    +         Harm     .   n - +2 cloak
rCorr    +         Rampage  .   q - +2 pair of gloves
MR       +....                  (no boots)
Stlth    ..........             h - amulet of reflection
HPRegen  0.27/turn              v - +4 ring of protection
MPRegen  0.14/turn              H - ring of protection from magic

@: paralysed, lethally poisoned (-1 -> -15), marked, lightly drained
A: retaliatory headbutt, horns 2
a: Recall Undead Slaves, Injury Mirror, Animate Dead, Drain Life, Enslave Soul,
Renounce Religion


You were on level 2 of the Orcish Mines.
You worshipped Yredelemnul.
Yredelemnul was extremely pleased with you.
You visited 3 branches of the dungeon, and saw 16 of its levels.

You collected 1565 gold pieces.
You spent 266 gold pieces at shops.

Inventory:

Hand Weapons
 L - the +8 falchion "Nuloaddo" {protect, rElec Str-3 Int+6}
   (You found it on level 12 of the Dungeon)

   It grants its wielder temporary protection when it strikes (+7 to AC).
   It affects your strength (-3).
   It affects your intelligence (+6).
   It insulates you from electricity.
 O - a +4 hand axe of freezing (weapon)
Missiles
 E - 8 silver boomerangs (quivered)
Armour
 c - a +0 kite shield (worn)
 n - a +2 cloak (worn)
 q - a +2 pair of gloves (worn)
 w - the +1 ring mail of a sewer (worn) {rElec rN+ rCorr}
   (You found it on level 4 of the Dungeon)

   It insulates you from electricity.
   It protects you from negative energy.
   It provides partial protection from all sources of acid and corrosion.
Jewellery
 h - an amulet of reflection (around neck)
 v - a +4 ring of protection (left hand)
 H - a ring of protection from magic (right hand)
 J - an uncursed ring of protection from magic
 K - an uncursed ring of protection from cold {unknown}
Wands
 a - a wand of paralysis (7)
 p - a wand of disintegration (3)
 t - a wand of iceblast (2)
 F - a wand of digging (11)
 M - a wand of flame (16)
Scrolls
 e - 9 scrolls of identify
 f - 3 scrolls of teleportation
 i - 2 scrolls of magic mapping
 j - a scroll of enchant armour {unknown}
 o - 4 scrolls of remove curse
 y - 2 scrolls of fear
 A - a scroll of amnesia {unknown}
 B - 2 scrolls of immolation {unknown}
 D - 3 scrolls of enchant weapon {unknown}
 I - a scroll of noise {unknown}
Potions
 b - a potion of cancellation {unknown}
 g - 2 potions of lignification {unknown}
 k - 11 potions of curing
 l - a potion of magic {unknown}
 m - a potion of degeneration {unknown}
 r - a potion of haste {unknown}
 s - 3 potions of mutation {unknown}
 u - 2 potions of brilliance {unknown}
 x - 3 potions of invisibility {unknown}
 z - 2 potions of heal wounds
 C - a potion of ambrosia {unknown}
 G - a potion of resistance {unknown}
 N - a potion of berserk rage {unknown}


   Skills:
 + Level 10.4(10.1) Fighting
 + Level 10.1(9.8) Axes
 + Level 10.4(10.1) Armour
 + Level 11.4(11.1) Dodging
 + Level 10.4(10.2) Shields
 * Level 6.5(6.3) Invocations


You had 11 spell levels left.
You didn't know any spells.
Your spell library contained the following spells:

 Spells                   Type           Power        Failure   Level
 Magic Dart               Conj           #...         80%         1
 Sandblast                Erth           #.....       80%         1
 Passwall                 Tmut/Erth      #.......     90%         2
 Searing Ray              Conj           #.....       90%         2
 Dazzling Flash           Conj/Hex       #.....       99%         3
 Stone Arrow              Conj/Erth      #.....       99%         3
 Fulminant Prism          Conj/Hex       #.........   100%        4
 Iskenderun's Mystic Bla  Conj/Tloc      #.......     100%        4
 Petrify                  Tmut/Erth      #.......     100%        4
 Lee's Rapid Deconstruct  Erth           #.........   100%        5


Dungeon Overview and Level Annotations

Branches:
Dungeon (13/15)            Temple (1/1) D:6            Lair (0/6) D:8
    Orc (2/2) D:9             Elf (0/3) Orc:2        Vaults (0/5) D:13

Altars:
Ashenzari
Cheibriados
Dithmenos
Elyvilon
Fedhas
Gozag
Hepliaklqana
Kikubaaqudgha
Makhleb
Nemelex Xobeh
Okawaru
Qazlal
Ru
Sif Muna
Trog
Uskayaw
Vehumet
Wu Jian
Xom
Yredelemnul
Zin
The Shining One
Beogh

Shops:
D:5 !   D:9 =   Orc:1 (*   Orc:2 :?

Annotations:
D:4 1 runed translucent door, DocClef's ghost, amateur GnDe
D:5 2 transporters
Orc:2 Azrael


Innate Abilities, Weirdness & Mutations

You reflexively headbutt those who attack you in melee.
You have a pair of horns on your head.


Message History

The orc sorcerer hits your orc warrior zombie with a +1 dagger of venom!
Your orc warrior zombie is destroyed!
You feel sick.
The orc warrior hits you from afar with a +0 trident!
Your orc warrior zombie hits the orc sorcerer with a +0 long sword!
The orc sorcerer hits your orc warrior zombie but does no damage.
Your orc zombie misses the orc sorcerer.
Your orc warrior zombie closely misses the orc sorcerer.
You feel sick.
The orc sorcerer no longer looks unusually strong.
The orc warlord roars a battlecry!
The orcs go into a battle-frenzy!
The orc warrior hits you from afar with a +0 trident!!
* * * LOW HITPOINT WARNING * * *
The orc sorcerer hits you with a +0 dagger!
* * * LOW HITPOINT WARNING * * *
The orc sorcerer hits you but does no damage.
You are more poisoned.
You die...
Your body rises from the dead as a mindless zombie.

#
#########........Z.....
#
.......................
#
#######..........#.....
# ##............... # #
#............... #.
####.......>......
'###o##8.#..............
..o.oo)Z)).8...........Z
#
..8oooo@Z'.............Z
#
..oO4oooZ'.8..........Z.
#
'###o##8.#..............
# #. ####..............
# # ............... #
.......#..#.... #
..............Z. #
.............Z.. #
.............Z...


You could see an orc warlord, a hellwing (summoned), 2 orc sorcerers, 4 orc
warriors, an ogre, 3 orc priests, an orc wizard (strong), 2 orcs, a friendly orc
zombie and 2 friendly orc warrior zombies.

Vanquished Creatures
  Erolcha (Orc:2)
  A two-headed ogre (D:11)
  An orc high priest (Orc:1)
  An unseen horror (D:12)
  5 orc knights (Orc:2)
  2 ugly things
  2 cyclopes
  2 gargoyles
  A troll (D:11)
  Grinder (D:4)
  2 wyverns
  A shadow (D:12)
  8 yaks
  A basilisk (D:12)
  A fire elemental (Orc:2)
  4 wargs
  Edmund (D:5)
  An acid dragon (D:12)
  23 orc warriors
  4 sky beasts
  A black bear (D:6)
  A hornet zombie (D:8)
  9 ogres
  A necrophage (D:8)
  4 phantoms
  4 centaurs
  5 bullfrogs
  2 big kobolds (D:7)
  3 jellies
  2 scorpions
  9 killer bees
  14 wights
  3 bullfrog zombies (D:5)
  A centaur zombie (D:6)
  17 orc priests
  A bullfrog skeleton (D:7)
  6 hounds
  24 orc wizards
  5 centaur skeletons
  7 iguanas
  Crazy Yiuf (D:5)
  8 worker ants
  A hound skeleton (D:7)
  2 worker ant zombies
  12 adders
  A shadow imp (D:10)
  A white imp (D:6)
  3 ufetubi
  An ooze (D:2)
  6 worms
  5 leopard geckos
  81 orcs
  A ball python (D:3)
  8 bats
  4 giant cockroaches
  10 goblins
  5 hobgoblins
  8 jackals
  5 quokkas
  3 frilled lizards
  17 kobolds
  A leopard gecko skeleton (D:4)
  2 leopard gecko zombies
  8 rats
376 creatures vanquished.

Vanquished Creatures (collateral kills)
  A kobold demonologist (D:13)
  A yak (D:11)
  A warg (Orc:2)
  An acid dragon (D:11)
  3 orc warriors
  2 ogres
  A big kobold (D:11)
  A killer bee (D:9)
  A wight (D:12)
  A bullfrog zombie (D:11)
  2 orc priests (Orc:1)
  An orc wizard (Orc:2)
  A worker ant (D:11)
  11 orcs
  2 kobolds (D:11)
30 creatures vanquished.

Vanquished Creatures (others)
  A hell hound (Orc:2)
  7 wights
  An ugly thing zombie (D:11)
  A two-headed ogre zombie (D:11)
  3 warg zombies
  An acid dragon zombie (D:12)
  2 adder zombies (D:10)
  A centaur zombie (D:12)
  A hound zombie (D:12)
  A killer bee zombie (D:9)
  2 kobold zombies (D:11)
  38 orc zombies
  A wyvern zombie (D:11)
  4 yak zombies (D:11)
  A withered plant (D:4)
65 creatures vanquished.

Grand Total: 471 creatures vanquished

Notes
Turn   | Place    | Note
-------+----------+-------------------------------------------
     0 | D:1      | stormannnn the Minotaur Fighter began the quest for the
                  | Orb.
     0 | D:1      | Reached XP level 1. HP: 19/19 MP: 0/0
   136 | D:1      | Reached XP level 2. HP: 27/27 MP: 1/1
   138 | D:1      | Reached skill level 1 in Dodging
   681 | D:2      | Found a sparkling altar of Nemelex Xobeh.
   682 | D:2      | Found a bloodstained altar of Trog.
   684 | D:2      | Found a snail-covered altar of Cheibriados.
   819 | D:2      | Reached XP level 3. HP: 33/33 MP: 2/2
   857 | D:2      | Reached skill level 2 in Dodging
  1421 | D:2      | Reached XP level 4. HP: 38/40 MP: 3/3
  2016 | D:3      | Found a broken altar of Ashenzari.
  2384 | D:3      | Noticed an ogre
  2724 | D:3      | Killed an ogre
  2725 | D:3      | Reached skill level 3 in Dodging
  2725 | D:3      | Reached XP level 5. HP: 27/47 MP: 4/4
  2866 | D:4      | Noticed Grinder
  2884 | D:4      | Killed Grinder
  2885 | D:4      | Reached skill level 4 in Dodging
  2885 | D:4      | Reached skill level 5 in Shields
  2885 | D:4      | Reached XP level 6. HP: 18/55 MP: 5/5
  3121 | D:4      | Reached skill level 5 in Armour
  3264 | D:4      | Reached skill level 5 in Fighting
  3292 | D:4      | Got a blackened ring mail
  3302 | D:4      | Reached XP level 7. HP: 57/61 MP: 6/6
  3346 | D:4      | Identified the cursed +1 ring mail of a sewer {rElec rN+
                  | rCorr} (You found it on level 4 of the Dungeon)
  3491 | D:4      | Reached skill level 5 in Dodging
  3747 | D:4      | Found a runed translucent door.
  3747 | D:4      | Noticed DocClef's ghost (amateur GnDe)
  3847 | D:5      | Entered Level 5 of the Dungeon
  3847 | D:5      | Noticed Edmund
  3875 | D:5      | Killed Edmund
  3876 | D:5      | Reached skill level 5 in Axes
  3884 | D:5      | Reached XP level 8. HP: 65/70 MP: 7/7
  3922 | D:5      | Found a radiant altar of Vehumet.
  4006 | D:5      | Reached skill level 6 in Dodging
  4010 | D:5      | Found a transporter.
  4084 | D:5      | Found a glowing silver altar of Zin.
  4110 | D:5      | Found a runed translucent door.
  4111 | D:5      | Noticed Crazy Yiuf
  4222 | D:5      | Found a transporter.
  4506 | D:5      | Found Fiumaeg's Distillery.
  4555 | D:5      | Bought a potion of curing for 42 gold pieces
  4555 | D:5      | Bought a potion of curing for 42 gold pieces
  4555 | D:5      | Bought a potion of curing for 42 gold pieces
  4555 | D:5      | Bought 2 potions of heal wounds for 140 gold pieces
  4649 | D:5      | Killed Crazy Yiuf
  4827 | D:6      | Found a staircase to the Ecumenical Temple.
  4840 | Temple   | Entered the Ecumenical Temple
  5097 | Temple   | Became a worshipper of Yredelemnul the Dark
  5229 | D:6      | Found an ancient bone altar of Kikubaaqudgha.
  5412 | D:6      | Reached skill level 7 in Dodging
  5537 | D:6      | Reached XP level 9. HP: 71/78 MP: 8/8
  5580 | D:6      | Found a white marble altar of Elyvilon.
  6173 | D:7      | Reached * piety under Yredelemnul
  6193 | D:7      | Reached skill level 8 in Dodging
  6889 | D:7      | Found an ornate altar of the Wu Jian Council.
  7228 | D:8      | Found a staircase to the Lair.
  7231 | D:8      | Noticed a cyclops
  7240 | D:8      | Killed a cyclops
  7241 | D:8      | Reached skill level 9 in Dodging
  7509 | D:8      | Reached XP level 10. HP: 88/88 MP: 9/9
  7655 | D:8      | Reached ** piety under Yredelemnul
  7896 | D:9      | Found a blossoming altar of Fedhas.
  7933 | D:9      | Found a staircase to the Orcish Mines.
  8330 | D:9      | Noticed a gargoyle
  8338 | D:9      | Killed a gargoyle
  8428 | D:9      | Found Micyt's Jewellery Shop.
  8642 | D:10     | Entered Level 10 of the Dungeon
  8963 | D:10     | Reached *** piety under Yredelemnul
  9068 | D:10     | Reached skill level 10 in Dodging
  9640 | D:11     | Noticed a red ugly thing
  9647 | D:11     | Reached skill level 1 in Invocations
  9673 | D:11     | Killed a red ugly thing
  9686 | D:11     | Reached XP level 11. HP: 38/97 MP: 11/11
  9824 | D:11     | Reached **** piety under Yredelemnul
 10043 | D:11     | Noticed a two-headed ogre
 10068 | D:11     | Killed a two-headed ogre
 10098 | D:11     | Noticed a six-headed hydra
 10188 | D:12     | Got a twisted falchion
 10193 | D:12     | Identified the +8 falchion "Nuloaddo" {protect, rElec Str-3
                  | Int+6} (You found it on level 12 of the Dungeon)
 10370 | D:12     | Received a gift from Yredelemnul (a wight)
 10621 | D:12     | Killed an unseen horror
 10688 | D:12     | Noticed a brown ugly thing
 10723 | D:12     | Killed a brown ugly thing
 11051 | D:13     | Received a gift from Yredelemnul (a wight)
 11161 | D:13     | Found a gate to the Vaults.
 11161 | D:13     | Noticed a vault guard
 11161 | D:13     | Noticed a vault guard
 11161 | D:13     | Noticed a green ugly thing
 11161 | D:13     | Noticed a vault guard
 11161 | D:13     | Noticed a centaur warrior
 11161 | D:13     | Noticed a vault guard
 11162 | D:13     | Noticed a centaur warrior
 11601 | Orc:1    | Entered Level 1 of the Orcish Mines
 11611 | Orc:1    | Noticed an orc high priest
 11623 | Orc:1    | Noticed a sun demon
 11631 | Orc:1    | Killed an orc high priest
 11632 | Orc:1    | Reached skill level 11 in Dodging
 11780 | Orc:1    | Found Vofal's Assorted Antiques.
 11805 | Orc:1    | Received a gift from Yredelemnul (a wight)
 11985 | Orc:1    | Reached skill level 5 in Invocations
 12043 | Orc:1    | Found Ymolej's Weapon Emporium.
 12239 | Orc:1    | Reached ***** piety under Yredelemnul
 12239 | Orc:1    | Received a gift from Yredelemnul (a wight)
 12366 | Orc:2    | Entered Level 2 of the Orcish Mines
 12382 | Orc:2    | Reached skill level 10 in Shields
 12529 | Orc:2    | Noticed Erolcha
 12542 | Orc:2    | Killed Erolcha
 12542 | Orc:2    | Received a gift from Yredelemnul (a wight)
 12543 | Orc:2    | Reached skill level 10 in Fighting
 12543 | Orc:2    | Reached skill level 10 in Armour
 12567 | Orc:2    | Noticed Azrael
 12610 | Orc:2    | Noticed an orc knight
 12629 | Orc:2    | Killed an orc knight
 12640 | Orc:2    | Reached XP level 12. HP: 70/106 MP: 15/15
 12777 | Orc:2    | Found a roughly hewn altar of Beogh.
 12959 | Orc:2    | Received a gift from Yredelemnul (a wight)
 12982 | Orc:2    | Received a gift from Yredelemnul (a wight)
 12989 | Orc:2    | Reached skill level 10 in Axes
 13253 | Orc:2    | Found a roughly hewn altar of Beogh.
 13254 | Orc:2    | Found Xighewegusk's Magic Scroll Shop.
 13350 | Orc:2    | Found a staircase to the Elven Halls.
 13378 | Orc:2    | Found a roughly hewn altar of Beogh.
 13399 | Orc:2    | Found Woan's Book Shoppe.
 13534 | Orc:2    | Noticed an orc warlord
 13547 | Orc:2    | Paralysed by an orc sorcerer for 7 turns
 13553 | Orc:2    | HP: 1/107 [orc sorcerer/+0 dagger (9)]
 13554 | Orc:2    | Succumbed to an orc sorcerer's poison

Illustrated notes

Levels and vault maps discovered:
D:1:      onia_arrival_pentagram, layout_basic, minmay_tree_intersection
D:2:      layout_basic, grunt_temple_overflow_open, serial_curves,
          eino_curves_02, eino_curves_02, kennysheep_big_empty_room
D:3:      layout_basic, cheibrodos_ashenzari_chains
D:4:      layout_cave_pools, gammafunk_ghost_grave, uniq_grinder
D:5:      gammafunk_wand_slinger, layout_loops_ring,
          nicolae_overflow_crystal_walls, kennysheep_mini_moat, serial_shops,
          shop, minivault_26, uniq_crazy_yiuf_cottage, uniq_edmund
D:6:      layout_gridville, overflow_temple_1_default,
          minmay_temple_entry_statues_fountains, basic_altar
D:7:      layout_basic, marbit_many_paths
D:8:      layout_basic, dpeg_oklobed_lair
D:9:      layout_gridville, david_orc_3, basic_altar, serial_shops,
          nicolae_shop_crystal
D:10:     layout_roguey
D:11:     layout_gridville
D:12:     layout_cave_pools
D:13:     layout_gridville, lightli_vaults_fourway_checkpoint, uniq_frances,
          uniq_nessos
Temple:   dpeg_chambers_temple
Orc:1:    layout_caves, serial_shops, shop, shop, statue_in_the_mist_lemuel
Orc:2:    grunt_orc_community_town_hall, layout_caves,
          grunt_orc_community_big_house_2, grunt_orc_community_big_house_1,
          grunt_orc_community_house_1, grunt_orc_community_house_3,
          grunt_orc_community_house_2, grunt_orc_community_house_3,
          grunt_orc_community_house_3, gauntlet_entry_generic, uniq_azrael,
          uniq_erolcha

Skill      XL: |  1  2  3  4  5  6  7  8  9 10 11 12 |
---------------+-------------------------------------+-----
Dodging        | 1 2 3 4 5 7 9 10 11 | 11.4
Shields        | 4 5 6 8 9 10 | 10.4
Armour         | 4 5 6 7 9 10 | 10.4
Axes           | 3 4 5 6 7 8 9 10 | 10.1
Fighting       | 4 5 6 7 9 10 | 10.4
Invocations    | 1 5 6 |  6.5

Action                   |  1- 3 |  4- 6 |  7- 9 | 10-12 || total
-------------------------+-------+-------+-------+-------++-------
Melee: War axe           |    89 |    86 |   397 |    94 ||   666
       Headbutt          |    12 |    15 |    72 |   178 ||   277
       Hand axe          |       |       |       |   710 ||   710
Invok: Animate Remains   |       |       |       |    12 ||    12
       Animate Dead      |       |       |       |    56 ||    56
Evoke: Wand              |       |       |       |    14 ||    14
  Use: Scroll            |       |     1 |     6 |     5 ||    12
       Potion            |       |       |     3 |     5 ||     8
 Stab: Distracted        |       |       |       |     3 ||     3
Armor: Scale mail        |    42 |    17 |       |       ||    59
       Acid dragon scale |       |     7 |     1 |       ||     8
       Ring mail         |       |       |   105 |   188 ||   293
Dodge: Dodged            |    40 |    28 |   122 |   254 ||   444
Block: Kite shield       |    45 |    51 |   307 |   621 ||  1024
       Reflection        |       |       |    11 |    13 ||    24

Table legend: (Time is in decaauts)
 A = Elapsed time spent in this place.
 B = Non-inter-level travel time spent in this place.
 C = Inter-level travel time spent in this place.
 D = Time resting spent in this place.
 E = Time spent auto-exploring this place.
 F = Levels seen in this place.
 G = Mean time per level.
                   A        B        C        D        E       F      G
               +--------+--------+--------+--------+--------+-----+--------+
         Total |  13647 |  13211 |    436 |   2117 |   7880 |  16 |  852.9 |
       Dungeon |  11454 |  11054 |    400 |   1856 |   6647 |  13 |  881.1 |
        Temple |    284 |    258 |     26 |      0 |    188 |   1 |  284.0 |
  Orcish Mines |   1908 |   1898 |     10 |    261 |   1045 |   2 |  954.0 |
               +--------+--------+--------+--------+--------+-----+--------+

Top non-repeatable levels by time:
     D:2: 1514 daAuts
   Orc:2: 1154 daAuts
     D:6: 1143 daAuts
    D:12: 1076 daAuts
     D:3: 982 daAuts
     D:8: 952 daAuts
    D:10: 938 daAuts
     D:7: 873 daAuts
     D:5: 864 daAuts
     D:4: 794 daAuts
     D:9: 778 daAuts
   Orc:1: 753 daAuts
     D:1: 642 daAuts
    D:11: 607 daAuts
  Temple: 284 daAuts
